 Dungeon Crawl Stone Soup version 0.30.0-19-g36f170ea60 (webtiles) character file.

Game seed: 18123261867982684076

26442 jagang the Geomancer (level 12, -2/96 HPs)
             Began as a Grey Draconian Earth Elementalist on May 30, 2023.
             Was an Elder of Vehumet.
             Slain by a sea snake (16 damage)
             ... on level 2 of the Lair of Beasts on June 1, 2023.
             The game lasted 01:20:44 (16085 turns).

jagang the Geomancer (DrEE)                        Turns: 16085, Time: 01:20:44

Health: -2/96      AC: 18    Str: 11    XL:     12   Next: 98%
Magic:  12/36      EV: 15    Int: 20    God:    Vehumet [****..]
Gold:   1373       SH:  0    Dex: 12    Spells: 19/33 levels left

rFire   . . .        P - staff of conjuration
rCold   . . .        E - orb {mayhem}
rNeg    . . .        (body armour unavailable)
rPois   +            T - +2 hat {Stlth+}
rElec   .            Y - +1 cloak {rCorr}
rCorr   +            K - +0 pair of gloves
SInv    .            (no boots)
Will    .....        S - amulet of the acrobat
Stlth   +++          g - ring of magical power
HPRegen 0.36/turn    y - ring of poison resistance
MPRegen 0.25/turn

%: mayhem, acrobat
@: very slightly contaminated
A: AC +13, amphibious, unfitting armour, cold-blooded
a: Renounce Religion


You were on level 2 of the Lair of Beasts.
You worshipped Vehumet.
Vehumet was greatly pleased with you.
You visited 4 branches of the dungeon, and saw 17 of its levels.
You also visited: Bailey.

You collected 1373 gold pieces.

Inventory:

Hand Weapons
 I - the +8 falchion of the Nurturing Wasp {drain, Int+5}
   (You found it on level 7 of the Dungeon)

   Int:       It affects your intelligence (+5).
 X - a +2 glaive of flaming
Armour
 E - an orb of mayhem (worn)
 K - a +0 pair of gloves (worn)
 T - a +2 hat of stealth (worn)
 Y - a +1 cloak of preservation (worn)
Magical Staves
 P - a staff of conjuration (weapon)
Jewellery
 g - a ring of magical power (left hand)
 l - a +6 ring of strength
 y - a ring of poison resistance (right hand)
 J - a ring of positive energy
 S - an amulet of the acrobat (around neck)
 V - a +4 ring of protection
 W - an amulet of magic regeneration
Wands
 q - a wand of iceblast (12)
 D - a wand of light (14)
 H - a wand of mindburst (11)
 Z - a wand of paralysis (3)
Scrolls
 b - 6 scrolls of amnesia
 d - a scroll of identify
 i - a scroll of enchant armour
 k - 4 scrolls of vulnerability
 n - a scroll of magic mapping {unknown}
 o - 8 scrolls of teleportation
 p - 3 scrolls of noise
 r - 3 scrolls of fear
 u - 3 scrolls of blinking {unknown}
 C - 2 scrolls of enchant weapon {unknown}
 F - 2 scrolls of torment {unknown}
 L - 2 scrolls of summoning {unknown}
 M - a scroll of silence {unknown}
Potions
 a - a potion of magic
 c - 2 potions of ambrosia {unknown}
 e - 3 potions of might
 h - a potion of degeneration {unknown}
 m - a potion of berserk rage {unknown}
 s - 4 potions of heal wounds
 x - 3 potions of attraction {unknown}
 z - 4 potions of haste
 A - 2 potions of flight {unknown}
 B - 7 potions of brilliance
 G - a potion of lignification {unknown}
 N - 2 potions of curing


   Skills:
 - Level 6.2 Fighting
 - Level 3.0 Staves
 + Level 8.1 Dodging
 - Level 3.0 Stealth
 - Level 4.0 Shields
 * Level 11.1 Spellcasting
 + Level 8.5 Transmutations
 * Level 14.6 Earth Magic


You had 19 spell levels left.
You knew the following spells:

 Your Spells              Type           Power      Damage    Failure   Level
a - Sandblast             Erth           100%       2d20      0%          1
b - Stone Arrow           Conj/Erth      100%       3d13      1%          3
c - Iron Shot             Conj/Erth      28%        9d6       13%         6
d - Petrify               Tmut/Erth      55%        N/A       1%          4

Your spell library contained the following spells:

 Spells                   Type           Power      Damage    Failure   Level
 Fireball                 Conj/Fire      8%         3d6       38%         5
 Shock                    Conj/Air       64%        1d7       1%          1
 Passwall                 Tmut/Erth      45%        N/A       1%          2
 Poisonous Vapours        Pois/Air       22%        N/A       2%          2
 Spider Form              Tmut/Pois      28%        N/A       3%          3
 Frozen Ramparts          Ice            22%        1d4       5%          3
 Mephitic Cloud           Conj/Pois/Air  16%        N/A       5%          3
 Blade Hands              Tmut           22%        N/A       5%          5
 Ensorcelled Hibernation  Hex/Ice        22%        N/A       10%         2
 Lesser Beckoning         Tloc           22%        N/A       10%         2
 Airstrike                Air            5%         2d(1-17)  16%         4
 Gell's Gravitas          Tloc           11%        N/A       19%         3
 Portal Projectile        Hex/Tloc       22%        N/A       19%         3
 Swiftness                Air            11%        N/A       19%         3
 Teleport Other           Tloc           11%        N/A       19%         3
 Tukima's Dance           Hex            11%        N/A       19%         3
 Freezing Cloud           Conj/Ice/Air   8%         6-21      38%         5
 Anguish                  Hex/Necr       5%         N/A       52%         4


Dungeon Overview and Level Annotations

Branches:
Dungeon (13/15)            Temple (1/1) D:6            Lair (2/5) D:8
  Snake (1/4) Lair:2          Orc (0/2) D:11         Bailey (visited)
  Swamp: Lair:2-3    Shoals: Lair:2-3    Vaults: D:13-14

Altars:
Ashenzari
Cheibriados
Dithmenos
Elyvilon
Fedhas
Gozag
Hepliaklqana
Kikubaaqudgha
Makhleb
Nemelex Xobeh
Okawaru
Qazlal
Ru
Sif Muna
Trog
Uskayaw
Vehumet
Wu Jian
Xom
Yredelemnul
Zin
The Shining One


Innate Abilities, Weirdness & Mutations

Your dull iron-grey scales are very hard. (AC +13)
You are amphibious.
You cannot fit into any form of body armour.
You are cold-blooded and may be slowed by cold attacks.


Message History

Aim: a sea snake (63% to hit)
You feel a surge of power!
The stone arrow hits the sea snake!!
The sea snake is moderately wounded.
The sea snake bites you.
* * * LOW HITPOINT WARNING * * *
Casting: Stone Arrow (safe; 1% risk of failure)
Confirm with . or Enter, or press ? or * to list all spells.
Aiming: Sandblast (safe; 0% risk of failure)
Press: ? - help, Shift-Dir - straight line, f/p - sea snake
Aim: a sea snake (moderately wounded, 76% to hit)
The blast of sand hits the sea snake!
The sea snake is heavily wounded.
The sea snake bites you.
* * * LOW HITPOINT WARNING * * *
The sea snake bites you.
* * * LOW HITPOINT WARNING * * *
Casting: Sandblast (safe; 0% risk of failure)
Confirm with . or Enter, or press ? or * to list all spells.
Okay, then.
You feel much better. The sea snake barely misses you.
Casting: Sandblast (safe; 0% risk of failure)
Confirm with . or Enter, or press ? or * to list all spells.
Aiming: Sandblast (safe; 0% risk of failure)
Press: ? - help, Shift-Dir - straight line, f/p - sea snake
Aim: a sea snake (heavily wounded, 76% to hit)
The blast of sand hits the sea snake!
The sea snake is severely wounded.
The sea snake bites you! x2
* * * LOW HITPOINT WARNING * * *
Casting: Sandblast (safe; 0% risk of failure)
Confirm with . or Enter, or press ? or * to list all spells.
Aiming: Sandblast (safe; 0% risk of failure)
Press: ? - help, Shift-Dir - straight line, f/p - sea snake
Aim: a sea snake (severely wounded, 76% to hit)
The blast of sand hits the sea snake.
The sea snake is severely wounded.
The sea snake bites you.
* * * LOW HITPOINT WARNING * * *
The sea snake bites you!
You die...

#........#..................##..
........#.....###.#............
###....#.......P#.#........##..
...........).................
......###..[###...........#
......#)......#............
......#.......#............
..........................
.........@.........#.###..
..#...S.....P.#..### P.#
##.......####...# ..#
#.......#.P#...#
#####...###.....##
#......#....PP..##
##.....#....##P.P#
#.....######.#..##
##.....##.##.##..P#


You could see a sea snake.

Vanquished Creatures
  Gastronok (D:9)
  Harold (D:9)
  A boulder beetle (D:12)
  Erica (D:9)
  7 wizards (D:10)
  An orc knight (Bailey)
  A manticore (D:11)
  An ugly thing (D:12)
  2 cyclopes (D:12)
  Maurice (D:9)
  3 gargoyles
  Maggie (Lair:1)
  3 komodo dragons
  3 trolls (D:10)
  A polar bear (Lair:1)
  3 blink frogs (Lair:1)
  3 slime creatures (D:12)
  A shadow (D:12)
  24 yaks
  3 wraiths
  A vampire (D:12)
  7 wyverns
  2 nagas (Lair:2)
  A steam dragon (D:6)
  4 vampire mosquitoes (D:12)
  7 water moccasins
  2 orc warriors
  2 black bears
  4 ogres
  An ice beast (D:6)
  A sky beast (D:6)
  7 centaurs
  15 wolves (Lair:1)
  6 kobold brigands
  Blork the orc (D:6)
  11 bullfrogs
  3 scorpions
  10 wights
  6 killer bees (D:7)
  7 electric eels
  2 vampire bats (D:3)
  14 howler monkeys
  4 hounds
  3 sleepcaps
  3 jellies (D:6)
  2 orc priests
  A gnoll bouda (D:7)
  4 iguanas
  2 orc wizards
  5 gnolls (D:7)
  4 adders
  A shadow imp (D:8)
  6 worms
  3 dart slugs
  14 orcs
  8 ball pythons
  19 bats
  An endoplasm (D:2)
  4 giant cockroaches
  11 goblins
  3 hobgoblins
  21 kobolds
  5 quokkas
  A frilled lizard (D:1)
  4 rats
305 creatures vanquished.

Vanquished Creatures (collateral kills)
  2 cane toads (Lair:1)
  2 yaks
  A water moccasin (Lair:1)
  2 wolves (Lair:1)
  A bullfrog (Lair:1)
8 creatures vanquished.

Vanquished Creatures (others)
  A yak (D:11)
  A water moccasin (Lair:1)
2 creatures vanquished.

Grand Total: 315 creatures vanquished

Notes
Turn   | Place    | Note
-------+----------+-------------------------------------------
     0 | D:1      | jagang the Draconian Earth Elementalist began the quest for
                  | the Orb.
     0 | D:1      | Reached XP level 1. HP: 14/14 MP: 3/3
    86 | D:1      | Reached XP level 2. HP: 9/20 MP: 0/5
  1061 | D:2      | Reached XP level 3. HP: 26/26 MP: 6/6
  1403 | D:2      | Got the Precepts of Lithic Rime
  1638 | D:3      | Reached XP level 4. HP: 30/33 MP: 7/7
  1706 | D:3      | Reached skill level 4 in Earth Magic
  1937 | D:3      | Reached XP level 5. HP: 37/38 MP: 9/9
  3028 | D:4      | Learned a level 3 spell: Stone Arrow
  3057 | D:4      | Reached XP level 6. HP: 46/46 MP: 10/10
  3060 | D:4      | Found a glowing silver altar of Zin.
  3391 | D:5      | Entered Level 5 of the Dungeon
  3596 | D:5      | Reached skill level 1 in Fighting
  3596 | D:5      | Reached skill level 5 in Earth Magic
  3849 | D:5      | Your scales start taking on a dull iron-grey colour.
  3849 | D:5      | Reached skill level 6 in Earth Magic
  3849 | D:5      | Reached XP level 7. HP: 52/52 MP: 12/12
  4746 | D:6      | Noticed a steam dragon
  4747 | D:6      | Found a stormy altar of Qazlal.
  4752 | D:6      | Killed a steam dragon
  4753 | D:6      | Reached skill level 7 in Earth Magic
  4884 | D:6      | Found a staircase to the Ecumenical Temple.
  4919 | D:6      | Reached skill level 1 in Shields
  4919 | D:6      | Reached XP level 8. HP: 62/62 MP: 12/14
  4936 | Temple   | Entered the Ecumenical Temple
  5135 | Temple   | Became a worshipper of Vehumet
  5411 | D:6      | Noticed a +0 falchion
  5412 | D:6      | Noticed a +0 spear
  5412 | D:6      | Noticed a +0 falchion
  5413 | D:6      | Noticed a +0 short sword
  5413 | D:6      | Noticed a +0 dagger
  5413 | D:6      | Noticed a +0 spear
  5413 | D:6      | Noticed a +0 short sword
  5413 | D:6      | Noticed a +0 dagger
  5486 | D:6      | Found a hide-covered altar of Uskayaw.
  5606 | D:6      | Reached skill level 5 in Spellcasting
  5851 | D:6      | Found a burning altar of Makhleb.
  5907 | D:6      | Noticed Blork the orc
  5913 | D:6      | Killed Blork the orc
  6056 | D:7      | Found a flagged portal.
  6066 | Bailey   | Entered a bailey
  6087 | Bailey   | Reached skill level 1 in Staves
  6087 | Bailey   | Reached skill level 8 in Earth Magic
  6384 | Bailey   | Noticed an orc knight
  6394 | Bailey   | Reached XP level 9. HP: 36/69 MP: 5/17
  6452 | Bailey   | Killed an orc knight
  6636 | Bailey   | Found an iron altar of Okawaru.
  6823 | D:7      | Reached skill level 9 in Earth Magic
  6893 | D:7      | Reached * piety under Vehumet
  6893 | D:7      | Offered knowledge of Magic Dart by Vehumet.
  7204 | D:7      | Reached skill level 5 in Dodging
  7282 | D:7      | Identified the +8 falchion of the Nurturing Wasp {drain,
                  | Int+5}
  7384 | D:7      | Reached skill level 5 in Transmutations
  7719 | D:8      | Reached XP level 10. HP: 56/77 MP: 20/20
  7730 | D:8      | Reached skill level 10 in Earth Magic
  8014 | D:8      | Found a staircase to the Lair.
  8202 | D:8      | Offered knowledge of Foxfire by Vehumet.
  8208 | D:8      | Reached ** piety under Vehumet
  8811 | Lair:1   | Entered Level 1 of the Lair of Beasts
  9014 | D:9      | Noticed Erica
  9018 | D:9      | Killed Erica
  9019 | D:9      | Reached skill level 11 in Earth Magic
  9160 | D:9      | Noticed Gastronok
  9190 | D:9      | Killed Gastronok
  9191 | D:9      | Reached XP level 11. HP: 14/85 MP: 13/23
  9408 | D:9      | You fall into a shaft and drop 2 floors!
  9654 | D:12     | Reached skill level 5 in Fighting
  9729 | D:12     | Learned a level 6 spell: Iron Shot
  9780 | D:12     | Offered knowledge of Ignite Poison by Vehumet.
  9788 | D:12     | Learned a level 4 spell: Petrify
  9851 | D:12     | Reached skill level 12 in Earth Magic
 10433 | D:12     | Noticed a red ugly thing
 10470 | D:11     | Found a staircase to the Orcish Mines.
 10480 | D:11     | Reached *** piety under Vehumet
 10752 | D:10     | Entered Level 10 of the Dungeon
 10799 | D:10     | Found a white marble altar of Elyvilon.
 10903 | D:10     | Found a shimmering blue altar of Sif Muna.
 10956 | D:10     | Found a broken altar of Ashenzari.
 11183 | D:9      | Offered knowledge of Hailstorm by Vehumet.
 11314 | D:9      | Noticed Harold
 11324 | D:9      | Killed Harold
 11631 | D:9      | Noticed Maurice
 11638 | D:9      | Killed Maurice
 12084 | D:10     | Reached XP level 12. HP: 96/96 MP: 25/25
 12195 | D:10     | Reached skill level 13 in Earth Magic
 12358 | D:10     | Reached skill level 10 in Spellcasting
 12443 | D:10     | Found the +3 warlock's mirror {omnireflect}
 12668 | D:11     | Reached **** piety under Vehumet
 13436 | D:12     | Noticed a boulder beetle
 13481 | D:12     | Killed a boulder beetle
 13482 | D:12     | Reached skill level 14 in Earth Magic
 13692 | D:12     | Found a blossoming altar of Fedhas.
 13712 | D:12     | Identified the +3 ring mail of Tasinlo {Dex+5}
 14132 | Lair:1   | Offered knowledge of Fireball by Vehumet.
 14779 | Lair:1   | Noticed Maggie
 14796 | Lair:1   | Killed Maggie
 16061 | Lair:2   | Found a staircase to the Snake Pit.
 16072 | Snake:1  | Entered Level 1 of the Snake Pit
 16085 | Lair:2   | Slain by a sea snake

Illustrated notes

Levels and vault maps discovered:
D:1:      dpeg_arrival_court, layout_basic, chequers_serial_rivers_small_a,
          chequers_serial_rivers_micro_c, dreamdust_mushroom_princess,
          minmay_small_reverse_x
D:2:      layout_rooms, grunt_decor_resistance, grunt_ministairs_6
D:3:      layout_basic, roderic_batcave, hangedman_decor_growths,
          serial_bayou_pond_a, glass_columns_c
D:4:      layout_basic, zin_statuary
D:5:      layout_gridville
D:6:      layout_loops_ring, mainiacjoe_overflow_boulevard,
          nicolae_uskayaw_en_pointe, nicolae_overflow_hidden_temple,
          minmay_temple_entry_glass, minmay_stone_trees_small, kennysheep_donut,
          minmay_misc_feat_ornament, kennysheep_doodads, uniq_blork_the_orc
D:7:      layout_loops_ring, enter_bailey_3, serial_park_tiny_2
D:8:      layout_cave_pods, minmay_lair_entry_grove
D:9:      layout_long_grid, uniq_harold, uniq_erica, uniq_gastronok,
          uniq_maurice
D:10:     minmay_smoke_and_mirrors, layout_small_grid, tgw_sif,
          mainiacjoe_overflow_catch_the_wave, grunt_decor_arrowhead
D:11:     layout_long_grid, orc_0_dummy
D:12:     layout_basic, fedhas_altar_1
D:13:     layout_roguey, david_vaults_2
Temple:   nicolae_temple_bog_church
Lair:1:   layout_hall_layers, serial_bayou, serial_bayou_ford_a,
          serial_bayou_shore_b, serial_bayou_pond_c, serial_bayou_shore_a,
          uniq_maggie
Lair:2:   layout_regular_city, minmay_swamp_entry_reptiles,
          minmay_snake_entry_guardpost_small, wad_woods_road_05
Snake:1:  layout_onion_interference, serial_shops, nicolae_shop_peninsula,
          serial_bayou, serial_bayou_lake_a, serial_bayou_lagoon_b,
          serial_bayou_lagoon_a, serial_bayou_pond_a

Skill      XL: |  1  2  3  4  5  6  7  8  9 10 11 12 |
---------------+-------------------------------------+-----
Dodging        | 2 3 4 5 6 7 8 |  8.1
Stealth        | 2 3 |  3.0
Transmutations | 2 3 4 5 6 7 8 |  8.5
Earth Magic    | 4 6 7 8 9 11 12 14 | 14.6
Spellcasting   | 3 4 5 6 8 9 11 | 11.1
Fighting       | 1 2 3 4 6 |  6.2
Shields        | 1 2 3 4 |  4.0
Staves         | 1 3 |  3.0

Action                     |  1- 3 |  4- 6 |  7- 9 | 10-12 || total
---------------------------+-------+-------+-------+-------++-------
  Melee: Unarmed           |    28 |       |       |       ||    28
         Tailslap          |     1 |     2 |    12 |    18 ||    33
         Short sword       |    10 |       |       |       ||    10
         Scimitar          |       |     7 |       |       ||     7
         Flail             |       |     1 |       |       ||     1
         Staff             |       |     3 |    68 |    16 ||    87
         Falchion          |       |       |    12 |    77 ||    89
   Cast: Sandblast         |    56 |   102 |    88 |   149 ||   395
         Stone Arrow       |       |       |    70 |   200 ||   270
         Petrify           |       |       |       |     3 ||     3
         Iron Shot         |       |       |       |    17 ||    17
  Evoke: Wand              |       |       |       |     5 ||     5
    Use: Scroll            |       |       |    10 |    10 ||    20
         Potion            |       |       |     4 |     3 ||     7
   Stab: Sleeping          |       |     1 |       |       ||     1
         Petrified         |       |       |       |     5 ||     5
 Armour: Skin              |    37 |    34 |    41 |   108 ||   220
  Dodge: Dodged            |    52 |    49 |   117 |   200 ||   418
  Block: Other             |     2 |    11 |    15 |       ||    28
         Buckler           |       |    19 |    72 |    34 ||   125
         Reflection        |       |     1 |     6 |       ||     7
